 Dungeon Crawl Stone Soup version 0.21-a0-509-gecc5317 (webtiles) character file.

7490 Gerstahl the Fighter (level 11, -13/111 HPs)
             Began as a Naga Gladiator on Nov 30, 2017.
             Was a Priest of Okawaru.
             Mangled by an orc knight
             ... wielding a +0 great mace
              (26 damage)
             ... on level 1 of the Orcish Mines.
             The game lasted 00:33:59 (9809 turns).

Gerstahl the Fighter (Naga Gladiator)               Turns: 9809, Time: 00:33:59

Health: -13/111    AC: 12    Str: 23    XL:     11   Next: 16%
Magic:  11/11      EV: 11    Int:  8    God:    Okawaru [***...]
Gold:   537        SH:  0    Dex: 15    Spells: 10/10 levels left

rFire    . . .     SeeInvis +   M - +3 great sword
rCold    + . .     Gourm    .   (shield currently unavailable)
rNeg     . . .     Faith    .   C - +0 animal skin
rPois    +         Spirit   .   (helmet restricted)
rElec    .         Reflect  .   p - +0 cloak
rCorr    .         Harm     .   y - +0 pair of gloves
MR       ++...                  F - +0 naga barding
Stlth    +.........             w - amulet of regeneration
HPRegen  0.68/turn              E - ring of protection from cold
MPRegen  0.12/turn              (no ring)

@: mighty, hasted, quick
A: large, antennae 1, see invisible, clumsy 1, deformed body, magic resistance
1, sense surroundings 1, poison resistance, slowness 2, slow metabolism 1, spit
poison 1, strong 1, wild magic 1, sturdy frame 1, AC +3
a: Spit Poison, Heroism, Renounce Religion


You were on level 1 of the Orcish Mines.
You worshipped Okawaru.
Okawaru was most pleased with you.
You were not hungry.

You visited 3 branches of the dungeon, and saw 11 of its levels.

You collected 537 gold pieces.

Inventory:

Hand Weapons
 a - a +1 long sword
 M - a +3 great sword (weapon)
Missiles
 d - 3 throwing nets (quivered)
Armour
 i - a +1 helmet
 p - a +0 cloak (worn)
 y - a +0 pair of gloves (worn)
 C - a +0 animal skin (worn)
 F - a +0 naga barding (worn)
Jewellery
 q - an uncursed ring of wizardry {unknown}
 w - an amulet of regeneration (around neck)
 E - a ring of protection from cold (left hand)
 K - an uncursed ring of protection from cold
 L - an uncursed ring of positive energy {unknown}
Wands
 s - a wand of disintegration (9)
 v - a wand of digging (8)
 D - a wand of paralysis (9)
 H - a wand of iceblast (13)
 I - a wand of flame (13)
 N - a wand of enslavement (6)
Scrolls
 c - 4 scrolls of fog {unknown}
 g - a scroll of enchant weapon
 j - 3 scrolls of teleportation {unknown}
 k - 3 scrolls of amnesia {unknown}
 l - a scroll of noise {unknown}
 m - a scroll of magic mapping {unknown}
 o - 4 scrolls of identify
 r - 9 scrolls of remove curse
 t - 5 scrolls of fear {unknown}
 x - a scroll of vulnerability {unknown}
 B - a scroll of random uselessness {unknown}
 P - a scroll of enchant armour {unknown}
Potions
 e - a potion of invisibility {unknown}
 u - a potion of mutation {unknown}
 z - 2 potions of ambrosia {unknown}
 A - a potion of berserk rage
 O - a potion of lignification {unknown}
Comestibles
 f - 2 bread rations
 h - 2 royal jellies
 n - 2 meat rations


   Skills:
 + Level 11.3 Fighting
 - Level 10.2 Long Blades
 - Level 1.7 Throwing
 + Level 4.5 Armour
 + Level 5.3 Dodging


You had 10 spell levels left.
You didn't know any spells.

Dungeon Overview and Level Annotations

Branches:
Dungeon (9/15)             Temple (1/1) D:7             Orc (1/2) D:9
   Lair: D:8-11

Altars:
Ashenzari
Cheibriados
Dithmenos
Elyvilon
Fedhas
Gozag
Hepliaklqana
Kikubaaqudgha
Makhleb
Nemelex Xobeh
Okawaru
Qazlal
Ru
Sif Muna
Trog
Uskayaw
Vehumet
Wu Jian
Xom
Yredelemnul
Zin
The Shining One

Shops:
D:7 :

Annotations:
D:5 Gerstahl's ghost, novice NaGl


Innate Abilities, Weirdness & Mutations

You cannot wear boots.
Your serpentine skin is tough. (AC +3)
You have supernaturally acute eyesight. (SInv)
Armour fits poorly on your strangely shaped body.
Your system is resistant to poisons. (rPois)
You cover ground very slowly.
You have a slow metabolism.
You can spit poison.
You have a pair of small antennae on your head.
You are clumsy. (Dex -2)
You are resistant to hostile enchantments. (MR+)
You passively map a small area around you.
Your muscles are strong. (Str +2)
Your spells are a little harder to cast, but a little more powerful.
Your movements are slightly less encumbered by armour. (ER -2)


Message History

The orc knight hits you with a great mace.
* * * LOW HITPOINT WARNING * * *
The orc hits you but does no damage.
You open the orc like a pillowcase!!!
You kill the orc!
Okawaru accepts your kill.
The orc knight hits you with a great mace!
* * * LOW HITPOINT WARNING * * *
You closely miss the orc knight.
The orc knight is lightly wounded.
You completely miss the orc knight.
The orc knight is lightly wounded.
The orc knight misses you.
You riposte.
You slash the orc knight!
The orc knight is moderately wounded.
You slash the orc knight!
The orc knight is heavily wounded.
You hit the orc knight.
The orc knight is heavily wounded.
The orc knight hits you with a great mace!!
You die...

#.....###
##.....#.##
#......$..#
..........###
,...........# ,
.......$...##
,,
,.#........###
##)....>...##
##@...<..).# *
,* #o)......###
, ,
.........#.#
..........###
#............#
*...$........##
#.........#.#
##......##...*
*


You could see an orc knight.

Vanquished Creatures
  Pikel (D:6)
  A deep elf mage (D:7)
  The ghost of Daviar the Gusty, a novice HuAE of Vehumet (D:7)
  2 trolls (D:9)
  A hippogriff (D:9)
  Eustachio (D:4)
  Sigmund (D:6)
  5 humans (D:6)
  A hungry ghost (D:7)
  Edmund (D:6)
  5 orc warriors
  2 phantoms
  3 sky beasts
  A slave (D:6)
  7 ogres
  A necrophage (D:5)
  2 centaurs
  3 big kobolds (D:9)
  4 gnoll sergeants (D:9)
  2 bullfrogs
  A wyvern zombie (D:7)
  3 scorpions
  6 killer bees
  4 wights (D:9)
  7 howler monkeys
  2 bullfrog zombies (D:5)
  A crimson imp (D:8)
  A centaur zombie (D:7)
  3 centaur skeletons
  A hound (D:7)
  4 orc wizards
  2 jellies
  7 orc priests
  3 bullfrog skeletons
  Jessica (D:2)
  2 iguanas
  7 worker ants
  7 gnolls
  11 adders
  3 shadow imps
  2 oozes
  3 adder skeletons
  2 dart slugs (D:1)
  10 leopard geckos
  38 orcs
  3 giant cockroaches
  7 goblins
  3 hobgoblins
  4 jackals
  6 kobolds
  7 quokkas
  3 ball pythons
  12 bats
  2 frilled lizards
  A quokka skeleton (D:8)
  7 rats
231 creatures vanquished.

Vanquished Creatures (others)
  A slave (D:6)
  An orc wizard (D:9)
2 creatures vanquished.

Grand Total: 233 creatures vanquished

Notes
Turn   | Place    | Note
-------+----------+-------------------------------------------
     0 | D:1      | Gerstahl the Naga Gladiator began the quest for the Orb.
     0 | D:1      | Reached XP level 1. HP: 19/19 MP: 1/1
    80 | D:1      | Reached XP level 2. HP: 26/27 MP: 2/2
   211 | D:1      | Reached XP level 3. HP: 18/33 MP: 3/3
   536 | D:1      | Reached skill level 3 in Fighting
   640 | D:2      | Noticed Jessica
   643 | D:2      | Killed Jessica
   643 | D:2      | Reached XP level 4. HP: 34/42 MP: 4/4
  1069 | D:2      | Found a glowing golden altar of the Shining One.
  1072 | D:2      | Found a sacrificial altar of Ru.
  1072 | D:2      | Found a sparkling altar of Nemelex Xobeh.
  1225 | D:3      | Reached XP level 5. HP: 48/50 MP: 5/5
  1243 | D:3      | Found a faded altar of an unknown god.
  1507 | D:3      | Reached skill level 4 in Fighting
  1961 | D:3      | You fall through a shaft!
  2111 | D:4      | Reached skill level 5 in Long Blades
  2333 | D:3      | Reached XP level 6. HP: 40/58 MP: 6/6
  2684 | D:4      | Reached skill level 5 in Fighting
  2705 | D:4      | Reached XP level 7. HP: 44/67 MP: 7/7
  3343 | D:5      | Entered Level 5 of the Dungeon
  3804 | D:5      | Noticed Gerstahl's ghost (novice NaGl)
  4119 | D:4      | Reached skill level 6 in Fighting
  4251 | D:4      | Noticed Eustachio
  4287 | D:4      | HP: 3/69 [river rat[Eustachio] (3)]
  4302 | D:4      | Killed Eustachio
  4302 | D:4      | Reached XP level 8. HP: 10/78 MP: 8/8
  5167 | D:5      | Found a radiant altar of Vehumet.
  5167 | D:5      | Found an opulent altar of Gozag.
  5168 | D:5      | Found a basalt altar of Yredelemnul.
  5430 | D:6      | Noticed Edmund
  5442 | D:6      | Killed Edmund
  5442 | D:6      | Reached skill level 7 in Fighting
  5975 | D:6      | Noticed Pikel
  6193 | D:6      | Killed Pikel
  6193 | D:6      | Reached skill level 8 in Fighting
  6193 | D:6      | Reached XP level 9. HP: 49/90 MP: 9/9
  6317 | D:6      | Noticed Sigmund
  6323 | D:6      | Killed Sigmund
  6324 | D:6      | Found a snail-covered altar of Cheibriados.
  6513 | D:6      | Reached skill level 9 in Fighting
  6880 | D:7      | Noticed Daviar's ghost (novice HuAE)
  7004 | D:7      | Killed Daviar's ghost
  7004 | D:7      | Reached skill level 10 in Long Blades
  7036 | D:7      | Reached XP level 10. HP: 102/102 MP: 10/10
  7108 | D:7      | Reached skill level 10 in Fighting
  7149 | D:7      | Reached skill level 1 in Armour
  7353 | D:7      | Found Rudaon Ream's Book Shop.
  7427 | D:7      | Found a staircase to the Ecumenical Temple.
  7453 | Temple   | Entered the Ecumenical Temple
  7636 | Temple   | Became a worshipper of Warmaster Okawaru
  7730 | D:7      | Noticed a deep elf mage
  7740 | D:7      | Noticed an orange demon
  7741 | D:7      | Noticed a rust devil
  7743 | D:7      | Killed a deep elf mage
  7930 | D:7      | Reached * piety under Okawaru
  8989 | D:9      | Gained mutation: You are clumsy. (Dex -2) [mutagenic meat]
  8990 | D:9      | Gained mutation: Your spells are a little harder to cast, but a little more powerful. [mutagenic meat]
  8991 | D:9      | Gained mutation: Your movements are slightly less encumbered by armour. (ER -2) [mutagenic meat]
  8992 | D:9      | Gained mutation: You are resistant to hostile enchantments. (MR+) [mutagenic meat]
  8993 | D:9      | Gained mutation: You have a pair of small antennae on your head. [mutagenic meat]
  8996 | D:9      | Gained mutation: You passively map a small area around you. [mutagenic meat]
  8997 | D:9      | Gained mutation: Your muscles are strong. (Str +2) [mutagenic meat]
  9035 | D:9      | Reached ** piety under Okawaru
  9486 | D:9      | Reached skill level 11 in Fighting
  9568 | D:9      | Found a staircase to the Orcish Mines.
  9571 | D:9      | Reached *** piety under Okawaru
  9572 | D:9      | Reached XP level 11. HP: 111/111 MP: 11/11
  9575 | D:9      | Reached skill level 5 in Dodging
  9766 | Orc:1    | Entered Level 1 of the Orcish Mines
  9768 | Orc:1    | Noticed an orc knight
  9809 | Orc:1    | Mangled by an orc knight

Vault maps used:
D:1:      lemuel_arrival_broad_hall, minmay_close_crescents
D:2:      grunt_temple_overflow_open, first_bread, uniq_jessica
D:3:      chequers_ecumenical_altar_island
D:4:      uniq_eustachio
D:5:      gammafunk_temple_overflow_claw
D:6:      kennysheep_mini, kennysheep_cross_bottleneck, minmay_ruffians,
          uniq_sigmund, uniq_pikel, uniq_edmund
D:7:      minmay_opposing_rooms, temple_doors_e, serial_shops,
          nicolae_shop_window_shopping, lightli_minifort
D:9:      kennysheep_orc_monster_closet_entryway
Temple:   regret_index_temple_generic_petals
Orc:1:    serial_shops, shop, uniq_harold

Skill      XL: |  1  2  3  4  5  6  7  8  9 10 11 |
---------------+----------------------------------+-----
Fighting       | 3 4 5 6 8 9 11 | 11.3
Long Blades    | 4 5 7 8 10 | 10.2
Armour         | 4 |  4.5
Dodging        | 4 5 |  5.3
Throwing       | |  1.7

Action                   |  1- 3 |  4- 6 |  7- 9 | 10-12 || total
-------------------------+-------+-------+-------+-------++-------
Melee: Long sword        |    67 |   140 |   345 |   289 ||   841
       Great sword       |       |       |       |    25 ||    25
Throw: Throwing net      |       |       |     1 |       ||     1
 Abil: Spit Poison       |     6 |    16 |    34 |    21 ||    77
Evoke: Wand              |       |       |     4 |     6 ||    10
  Use: Scroll            |       |     2 |     1 |     2 ||     5
       Potion            |       |       |     9 |     5 ||    14
 Stab: Sleeping          |       |     2 |       |       ||     2
       Confused          |       |       |     1 |     2 ||     3
       Distracted        |       |       |       |     1 ||     1
  Eat: Chunk             |       |     6 |    11 |    14 ||    31
       Royal jelly       |       |       |     2 |       ||     2
       Fruit             |       |       |       |     3 ||     3
       Meat ration       |       |       |       |     1 ||     1
Armor: Leather armour    |    34 |    48 |   126 |       ||   208
       Animal skin       |       |       |    25 |   139 ||   164
Dodge: Dodged            |    45 |   106 |   193 |   198 ||   542
       Rpst.: Long sword |    13 |    28 |    64 |    61 ||   166
       Great sword       |       |       |       |     4 ||     4

Table legend:
 A = Spawn XP
 B = Non-spawn XP
 C = Spawn XP percentage of total XP
 D = Spawn monster count
 E = Non-spawn monster count
 F = Spawn count percentage of total count
 G = Total turns spent on level
                    A         B        C        D         E        F      G
               +---------+---------+-------+---------+---------+-------+---------
         Total |       0 |   10701 |   0.0 |       0 |     231 |   0.0 |  9809
               +---------+---------+-------+---------+---------+-------+---------
           D:1 |       0 |      52 |   0.0 |       0 |      25 |   0.0 |   568
           D:2 |       0 |      70 |   0.0 |       0 |      15 |   0.0 |   637
           D:3 |       0 |     229 |   0.0 |       0 |      25 |   0.0 |  1326
           D:4 |       0 |     666 |   0.0 |       0 |      23 |   0.0 |  1664
           D:5 |       0 |     474 |   0.0 |       0 |      13 |   0.0 |  1177
           D:6 |       0 |    2261 |   0.0 |       0 |      24 |   0.0 |  1538
           D:7 |       0 |    2373 |   0.0 |       0 |      29 |   0.0 |  1085
           D:8 |       0 |     487 |   0.0 |       0 |      15 |   0.0 |   556
           D:9 |       0 |    3944 |   0.0 |       0 |      57 |   0.0 |   989
         Orc:1 |       0 |     145 |   0.0 |       0 |       5 |   0.0 |    43
               +---------+---------+-------+---------+---------+-------+---------
